 Dungeon Crawl Stone Soup version 0.21.1-1-g345015fe64 (webtiles) character file.

225 Gargoyl the Skirmisher (level 5, -3/46 HPs)
             Began as a Centaur Abyssal Knight on June 14, 2018.
             Was a Priest of Lugonu.
             Killed from afar by an orc wizard (6 damage)
             ... with a puff of flame
             ... on level 3 of the Dungeon.
             The game lasted 00:05:11 (3440 turns).

Gargoyl the Skirmisher (Centaur Abyssal Knight)     Turns: 3440, Time: 00:05:13

Health: -3/46      AC:  9    Str: 15    XL:     5   Next: 68%
Magic:  7/7        EV:  2    Int: 11    God:    Lugonu [***...]
Gold:   173        SH:  0    Dex:  9    Spells: 4/4 levels left

rFire    . . .     SeeInvis .   e - +0 broad axe (vamp)
rCold    . . .     Gourm    .   (no shield)
rNeg     . . .     Faith    .   c - +0 plate armour
rPois    .         Spirit   .   (no helmet)
rElec    .         Reflect  .   (no cloak)
rCorr    .         Harm     .   (no gloves)
MR       .....                  (no barding)
Stlth    ..........             (no amulet)
HPRegen  0.15/turn              (no ring)
MPRegen  0.10/turn              (no ring)

@: slowed, invisible
A: large, hooves 3, deformed body, speed 2, tough skin 3
a: Depart the Abyss, Bend Space, Banish, Renounce Religion


You were on level 3 of the Dungeon.
You worshipped Lugonu.
Lugonu was most pleased with you.
You were hungry.

You visited 1 branch of the dungeon, and saw 3 of its levels.
You visited the Abyss 1 time.

You collected 173 gold pieces.

Inventory:

Hand Weapons
 a - a +1 hand axe
 e - a +0 vampiric broad axe (weapon)
Armour
 c - a +0 plate armour (worn)
Jewellery
 b - a +5 amulet of reflection {unknown}
Scrolls
 d - a scroll of noise {unknown}
 g - 5 scrolls of teleportation
Potions
 j - a potion of curing
 l - a potion of agility {unknown}
 m - a potion of berserk rage {unknown}
 o - 2 potions of haste {unknown}
Comestibles
 n - 5 rations


   Skills:
 + Level 3.7 Fighting
 + Level 3.2 Axes
 * Level 2.6 Armour
 + Level 1.3 Dodging
 * Level 3.2 Invocations


You had 4 spell levels left.
You didn't know any spells.

Dungeon Overview and Level Annotations

Branches:
Dungeon (3/15)

Altars:
Sif Muna


Innate Abilities, Weirdness & Mutations

You have hooves in place of feet.
Armour fits poorly on your strangely shaped body.
You cover ground very quickly.
You have extremely tough skin. (AC +3)


Message History

* * * LOW HITPOINT WARNING * * *
The orc wizard gestures at you while chanting.
The puff of frost hits you!
* * * LOW HITPOINT WARNING * * *
You hear some strange, mumbled words.
A magic dart appears from out of thin air!
The magic dart hits you!
You feel better.
The orc wizard looks braver for a moment.
Something hits you but does no damage.
The orc wizard gestures at you while chanting.
The puff of frost hits you!
* * * LOW HITPOINT WARNING * * *
It was a potion of invisibility.
You fade into invisibility!
The orc wizard hits you but does no damage.
You hear some strange, mumbled words.
A puff of flame appears from out of thin air!
The puff of flame hits you!
You die...

#.#######.##.............#
#..(......####.###########
########### #.# #.# #.#
#.# ######.### #....).o.#
#.####@#.# #{#.# ... .
#....!# ....... ##.....##
....... ##..####


You could see an orc wizard.

Vanquished Creatures
  An orc priest (D:3)
  An orc wizard (D:3)
  Jessica (D:2)
  3 adders (D:2)
  2 oozes
  2 worms (D:2)
  2 dart slugs (D:1)
  A leopard gecko (D:3)
  An orc (D:3)
  A ball python (D:1)
  9 bats
  14 giant cockroaches
  6 hobgoblins
  11 jackals
  A quokka (D:2)
  3 frilled lizards
  13 goblins
  11 kobolds
  9 rats
92 creatures vanquished.

Notes
Turn   | Place    | Note
-------+----------+-------------------------------------------
     0 | Abyss:1  | Gargoyl the Centaur Abyssal Knight began the quest for the Orb.
     0 | Abyss:1  | Reached XP level 1. HP: 19/19 MP: 2/2
    35 | Abyss:2  | Found a corrupted altar of Lugonu.
   123 | Abyss:3  | Noticed a hell hound
   124 | Abyss:3  | Noticed a raiju
   124 | Abyss:3  | Noticed a raiju
   124 | D:1      | Escaped the Abyss
   317 | D:1      | Reached XP level 2. HP: 25/26 MP: 3/3
   338 | D:1      | Reached * piety under Lugonu
   576 | D:1      | Reached XP level 3. HP: 28/31 MP: 4/4
   660 | D:1      | Reached skill level 1 in Dodging
  1187 | D:2      | Reached ** piety under Lugonu
  1601 | D:2      | Reached XP level 4. HP: 31/38 MP: 6/6
  1830 | D:2      | Noticed Jessica
  1833 | D:2      | Found a deep blue altar of Sif Muna.
  1834 | D:2      | Killed Jessica
  2443 | D:2      | Reached XP level 5. HP: 30/45 MP: 7/7
  2830 | D:2      | Reached *** piety under Lugonu
  3438 | D:3      | HP: 1/46 [orc wizard/puff of frost (7)]
  3440 | D:3      | Killed from afar by an orc wizard

Skill      XL: |  1  2  3  4  5 |
---------------+----------------+-----
Axes           | 2 3 |  3.2
Dodging        | 1 |  1.3
Armour         | 2 |  2.6
Invocations    | 3 |  3.2
Fighting       | |  3.7

Action                   |  1- 3 |  4- 6 || total
-------------------------+-------+-------++-------
Melee: Broad axe         |   101 |   139 ||   240
       Kick              |    15 |    22 ||    37
Invok: Depart the Abyss  |     1 |       ||     1
  Use: Scroll            |     1 |     7 ||     8
       Potion            |       |     3 ||     3
  Eat: Ration            |     1 |       ||     1
       Chunk             |     2 |     5 ||     7
Armor: Leather armour    |    54 |       ||    54
       Ring mail         |    14 |    54 ||    68
       Plate armour      |       |   122 ||   122
Dodge: Dodged            |    97 |    58 ||   155
